 Dungeon Crawl Stone Soup version 0.29.1-15-g9cfb28693d (webtiles) character file.

Game seed: 17398247549326768211

5013 Herex the Cleaver (level 10, 0/82 (86) HPs)
             Began as a Minotaur Berserker on May 4, 2023.
             Was a High Priest of Trog.
             Slain by a molten gargoyle
             ... wielding a +0 mace
              (5 damage)
             ... on level 8 of the Dungeon.
             The game lasted 00:13:42 (8690 turns).

Herex the Cleaver (Minotaur Berserker)              Turns: 8690, Time: 00:13:42

HP:   0/82 (86)     AC: 12    Str: 27    XL:     10   Next: 30%
MP:   9/9           EV: 11    Int:  4    God:    Trog [*****.]
Gold: 510           SH:  9    Dex:  9    Spells: 9/9 levels left

rFire   + . .      SeeInvis .   d - +8 broad axe (flame)
rCold   + . .      Faith    .   G - +0 tower shield
rNeg    . . .      Spirit   .   F - +0 scale mail
rPois   +          Reflect  .   E - +1 hat
rElec   +          Harm     .   (no cloak)
rCorr   +          Rampage  .   j - +2 pair of gloves
Will    .....                   (no boots)
Stlth   ..........              (no amulet)
HPRegen 0.23/turn               l - +4 ring of evasion
MPRegen 0.11/turn               (no ring)

@: resistant, lightly drained
A: horns 2, retaliatory headbutt
a: Renounce Religion, Berserk, Trog's Hand, Brothers in Arms


You were on level 8 of the Dungeon.
You worshipped Trog.
Trog was extremely pleased with you.
You visited 1 branch of the dungeon, and saw 9 of its levels.
You also visited: Sewer and Ossuary.

You collected 510 gold pieces.

Inventory:

Hand Weapons
 d - a +8 broad axe of flaming (weapon)
 m - the +9 hand axe of the Asp {flame, rF+}
   (You found it on level 3 of the Dungeon)

   It burns those it strikes, dealing additional fire damage.
   Big, fiery blades are also staple armaments of hydra-hunters.
   rF:        It protects you from fire.
 n - a +0 war axe of flaming
Missiles
 x - 2 throwing nets (quivered)
Armour
 j - a +2 pair of gloves (worn)
 E - a +1 hat (worn)
 F - a +0 scale mail (worn)
 G - a +0 tower shield (worn)
 H - +0 steam dragon scales
Jewellery
 c - a ring of protection from cold
 l - a +4 ring of evasion (left hand)
Wands
 a - a wand of flame (24)
 k - a wand of iceblast (22)
 q - a wand of digging (10)
 C - a wand of charming (8)
Scrolls
 b - a scroll of blinking {unknown}
 f - 11 scrolls of identify
 o - 2 scrolls of immolation
 v - 2 scrolls of teleportation
 y - a scroll of magic mapping {unknown}
 z - 2 scrolls of enchant weapon {unknown}
 A - 2 scrolls of vulnerability {unknown}
 D - a scroll of fog {unknown}
 J - a scroll of noise {unknown}
Potions
 e - 4 potions of curing {unknown}
 g - 3 potions of might
 h - 4 potions of mutation {unknown}
 i - 3 potions of berserk rage
 p - 2 potions of cancellation {unknown}
 r - 7 potions of flight
 s - a potion of magic {unknown}
 t - 3 potions of heal wounds {unknown}
 u - 4 potions of haste
 w - a potion of brilliance {unknown}
 I - a potion of degeneration {unknown}


   Skills:
 + Level 7.1 Fighting
 * Level 14.6 Axes
 + Level 7.2 Armour
 + Level 4.9 Dodging
 + Level 2.5 Stealth


You had 9 spell levels left.
You didn't know any spells.
Your spell library was empty.

Dungeon Overview and Level Annotations

Branches:
Dungeon (9/15)             Temple (0/1) D:6           Sewer (visited)
Ossuary (visited)
   Lair: D:8-11         Orc: D:9-12

Altars:
Gozag
Hepliaklqana
Kikubaaqudgha
Nemelex Xobeh
Okawaru
Sif Muna
Trog
Xom
Zin

Shops:
D:4 [(   D:5 [?


Innate Abilities, Weirdness & Mutations

You have a pair of horns on your head.
You reflexively headbutt those who attack you in melee.


Message History

Anything else - Cancel.
You shout for attention!
Done exploring.
Done exploring.
The molten gargoyle blasts magma at you!
The bolt of magma hits you! You block the molten gargoyle's attack.
You barely miss the molten gargoyle. You headbutt the molten gargoyle.
The molten gargoyle is lightly damaged.
The molten gargoyle hits you but does no damage.
You slash the molten gargoyle!
You headbutt the molten gargoyle, but do no damage.
The molten gargoyle is moderately damaged.
You block the molten gargoyle's attack.
You hit the molten gargoyle. You headbutt the molten gargoyle.
The molten gargoyle is heavily damaged.
The molten gargoyle blasts magma at you!
The bolt of magma hits you!
The molten gargoyle hits you with a +0 mace.
You are engulfed in flames!
You closely miss the molten gargoyle.
You headbutt the molten gargoyle, but do no damage.
The molten gargoyle is heavily damaged.
You block the molten gargoyle's attack.
You closely miss the molten gargoyle.
Your headbutt misses the molten gargoyle.
The molten gargoyle is heavily damaged.
The molten gargoyle blasts magma at you!
The bolt of magma hits you!!
* * * LOW HITPOINT WARNING * * *
You hit the molten gargoyle but do no damage.
The molten gargoyle is heavily damaged.
You block the molten gargoyle's attack.
The molten gargoyle hits you but does no damage.
Okay, then.
You feel protected.
The molten gargoyle hits you with a +0 mace!
* * * LOW HITPOINT WARNING * * *
You are engulfed in flames.
You resist.
You die...

....###.# #
##..# #.# #
#..###.# #
#..>...# #
###.###.# # #
#.#
#.##########
# # #.#
#....9.....#
# # #.#
#.########9#
# # #.# #.#
#@###########
# ###.###.#
#...........#
#
........#####
###########.#
#
............#
#.# #
###########.#
#.# # #.#
####.## # #.#
#.....# #
#####.#
#.###.#
#.....# #.#
#.#


You could see a molten gargoyle.

Vanquished Creatures
  A cyclops (D:6)
  Maggie (D:7)
  Grinder (D:6)
  Sigmund (D:3)
  A wyvern (D:7)
  Eustachio (D:5)
  2 steam dragons (D:8)
  Menkaure (D:6)
  Duvessa (D:5)
  A water moccasin (D:6)
  An orc warrior (D:4)
  An ice beast (D:7)
  4 sky beasts
  3 black bears
  An ogre (D:7)
  3 phantoms
  6 bullfrogs
  2 scorpions
  A necrophage (D:6)
  Dowan (D:5)
  4 orc priests
  A gnoll bouda (D:8)
  7 hounds
  A jelly (D:5)
  3 iguanas
  Ijyb (D:3)
  Natasha (thrice) (D:3)
  A merfolk siren (Sewer)
  An orc wizard (D:4)
  A merfolk avatar (Sewer)
  A mummy (Ossuary)
  12 gnolls
  A river rat (Sewer)
  13 adders
  A shadow imp (D:7)
  3 ufetubi
  3 worms
  4 dart slugs
  15 orcs
  2 spectral bats (Ossuary)
  20 ball pythons
  A bat simulacrum (Ossuary)
  7 endoplasms
  6 giant cockroaches
  3 hobgoblins
  15 quokkas
  7 bats
  11 frilled lizards
  12 gnoll zombies (Ossuary)
  9 goblins
  4 goblin simulacra (Ossuary)
  3 goblin zombies (Ossuary)
  5 hobgoblin zombies (Ossuary)
  8 kobolds
  3 kobold simulacra (Ossuary)
  6 kobold zombies (Ossuary)
  4 orc zombies (Ossuary)
  23 rats
  5 rat simulacra (Ossuary)
  2 spectral goblins (Ossuary)
  5 spectral kobolds (Ossuary)
  3 spectral rats (Ossuary)
274 creatures vanquished.

Vanquished Creatures (collateral kills)
  The ghost of GasterBasher the Shield-Bearer, a novice FoFi (D:6)
  An iguana (D:6)
2 creatures vanquished.

Vanquished Creatures (others)
  6 plants (D:3)
6 creatures vanquished.

Grand Total: 282 creatures vanquished

Notes
Turn   | Place    | Note
-------+----------+-------------------------------------------
     0 | D:1      | Herex the Minotaur Berserker began the quest for the Orb.
     0 | D:1      | Reached XP level 1. HP: 19/19 MP: 0/0
   105 | D:1      | Reached skill level 4 in Axes
   105 | D:1      | Reached XP level 2. HP: 27/27 MP: 1/1
   300 | D:1      | Reached XP level 3. HP: 9/33 MP: 2/2
   778 | D:2      | Reached ** piety under Trog
   935 | D:2      | Reached skill level 5 in Axes
   935 | D:2      | Reached XP level 4. HP: 39/40 MP: 3/3
  1729 | D:3      | Reached XP level 5. HP: 47/47 MP: 4/4
  1761 | D:3      | Identified the +9 hand axe of the Asp {flame, rF+}
  2041 | D:3      | Noticed Natasha
  2044 | D:3      | Killed Natasha
  2267 | D:3      | Reached skill level 6 in Axes
  2460 | D:3      | Noticed Natasha
  2466 | D:3      | Killed Natasha
  2542 | D:3      | Found a glowing silver altar of Zin.
  2605 | D:3      | Reached *** piety under Trog
  2653 | D:3      | Noticed Sigmund
  2659 | D:3      | Killed Sigmund
  2660 | D:3      | Reached skill level 7 in Axes
  2660 | D:3      | Reached skill level 1 in Stealth
  2660 | D:3      | Reached XP level 6. HP: 53/53 MP: 5/5
  2823 | D:3      | Found a hazy altar of Hepliaklqana.
  2824 | D:3      | Found a shimmering altar of Xom.
  2825 | D:3      | Noticed a spectral ugly thing
  2831 | D:3      | Noticed Ijyb
  2837 | D:3      | Killed Ijyb
  3108 | D:3      | Noticed Natasha
  3112 | D:3      | Killed Natasha
  3156 | D:4      | Noticed an orc warrior
  3165 | D:4      | Killed an orc warrior
  3166 | D:4      | Reached XP level 7. HP: 60/60 MP: 6/6
  3167 | D:4      | Found a bloodstained altar of Trog.
  3196 | D:4      | Found a shimmering blue altar of Sif Muna.
  3199 | D:4      | Reached skill level 8 in Axes
  3242 | D:4      | Found Ushrec's Antique Weapon Emporium.
  3317 | D:4      | Found an ancient bone altar of Kikubaaqudgha.
  3363 | D:4      | Found Hyashaac's Armour Emporium.
  3539 | D:4      | Reached skill level 9 in Axes
  3640 | D:4      | Found a sand-covered staircase.
  3644 | Ossuary  | Entered an ossuary
  3725 | Ossuary  | Reached **** piety under Trog
  3737 | Ossuary  | Reached skill level 5 in Fighting
  4160 | D:5      | Entered Level 5 of the Dungeon
  4189 | D:5      | Found Tefupug's Magic Scroll Emporium.
  4197 | D:5      | Reached XP level 8. HP: 68/68 MP: 7/7
  4406 | D:5      | Reached skill level 10 in Axes
  4406 | D:5      | Reached skill level 5 in Armour
  4419 | D:5      | Noticed Dowan
  4422 | D:5      | Noticed Duvessa
  4426 | D:5      | Killed Dowan
  4429 | D:5      | Killed Duvessa
  4430 | D:5      | Reached ***** piety under Trog
  4635 | D:5      | Found Numywk's Armour Shoppe.
  4754 | D:5      | Noticed Eustachio
  4762 | D:5      | Reached skill level 11 in Axes
  4767 | D:5      | Killed Eustachio
  5312 | D:6      | Reached skill level 12 in Axes
  5312 | D:6      | Found a staircase to the Ecumenical Temple.
  5327 | D:6      | Reached XP level 9. HP: 75/75 MP: 8/8
  5339 | D:6      | Noticed Grinder
  5348 | D:6      | Killed Grinder
  5399 | D:6      | Noticed Menkaure
  5405 | D:6      | Killed Menkaure
  5530 | D:6      | Noticed GasterBasher's ghost (novice FoFi)
  5530 | D:6      | Noticed a cyclops
  5537 | D:6      | Found a transporter.
  5648 | D:6      | Reached skill level 13 in Axes
  5656 | D:6      | Found an opulent altar of Gozag.
  5688 | D:6      | Found a glowing drain.
  5701 | Sewer    | Entered a sewer
  6249 | D:6      | Found a transporter.
  6382 | D:6      | Killed a cyclops
  6387 | D:6      | Killed GasterBasher's ghost
  6388 | D:6      | Reached skill level 14 in Axes
  6602 | D:7      | Found an iron altar of Okawaru.
  6692 | D:7      | Reached XP level 10. HP: 84/84 MP: 9/9
  7028 | D:7      | Noticed Maggie
  7038 | D:7      | Killed Maggie
  7038 | D:7      | Received a gift from Trog
  7113 | D:7      | Found a sparkling altar of Nemelex Xobeh.
  8077 | D:9      | Noticed a molten gargoyle
  8079 | D:9      | Noticed a molten gargoyle
  8079 | D:9      | Noticed a two-headed ogre
  8690 | D:8      | Slain by a molten gargoyle

Illustrated notes

Levels and vault maps discovered:
D:1:      elethiomel_arrival_shortcut, layout_rooms
D:2:      layout_loops_cross
D:3:      layout_basic, regret_index_temple_of_mockery, zin_statuary,
          minmay_shallow_snake_nest, uniq_sigmund, uniq_natasha, uniq_ijyb
D:4:      layout_basic, nzn_overflow_gifts_of_might_and_magic,
          mainiacjoe_overflow_brackets, nicolae_ossuary_entry_plus,
          serial_shops, shop, nicolae_shop_temple_entry_statues_fountains,
          minmay_strange_pillars
D:5:      layout_basic, serial_shops, nicolae_take_the_stairs,
          nicolae_diamond_shop, serial_rivers, chequers_serial_rivers_micro_e,
          chequers_serial_rivers_micro_c, chequers_serial_rivers_small_b,
          chequers_serial_rivers_small_3, chequers_serial_rivers_room_b,
          chequers_serial_rivers_large_a, uniq_eustachio, uniq_duvessa
D:6:      layout_cave_pools, kennysheep_little_box,
          minmay_temple_entry_mini_moons, gup_sewer_entry_pipe,
          gammafunk_ghost_arena, uniq_menkaure, uniq_grinder
D:7:      layout_loops_cross, nemelex_dance_club_becter,
          okawaru_metal_pillars_1_2, uniq_maggie
D:8:      layout_loops_ring
D:9:      kennysheep_blocky_hall, layout_loops_ring,
          mainiacjoe_overflow_catwalk,
          mainiacjoe_overflow_concentric_impassable, minivault_8

Skill      XL: |  1  2  3  4  5  6  7  8  9 10 |
---------------+-------------------------------+-----
Axes           | 4 5 7 9 12 14 | 14.6
Fighting       | 4 5 6 7 |  7.1
Armour         | 3 4 5 6 7 |  7.2
Dodging        | 3 4 |  4.9
Stealth        | 1 2 |  2.5

Action                   |  1- 3 |  4- 6 |  7- 9 | 10-12 || total
-------------------------+-------+-------+-------+-------++-------
Melee: Hand axe          |    76 |    81 |   265 |    27 ||   449
       Headbutt          |     9 |     6 |    29 |     7 ||    51
       Punch             |     1 |     1 |       |       ||     2
       Broad axe         |       |       |       |    25 ||    25
Invok: Berserk           |     1 |     2 |     7 |       ||    10
       Brothers in Arms  |       |       |     1 |       ||     1
       Trog's Hand       |       |       |       |     1 ||     1
  Use: Scroll            |       |     4 |     2 |     1 ||     7
       Potion            |       |       |       |     1 ||     1
Armor: Animal skin       |     7 |       |       |       ||     7
       Ring mail         |    15 |    14 |    44 |       ||    73
       Scale mail        |       |       |     2 |    16 ||    18
Dodge: Dodged            |    55 |    48 |   130 |    27 ||   260
Block: Tower shield      |       |       |       |    11 ||    11
